 Dungeon Crawl Stone Soup version 0.30.1-6-gbe392663c4 (webtiles) character file.

Game seed: 15668323846429117217

21467 Kurtz the Severer (level 12, -4/77 HPs)
             Began as a Tengu Fighter on Sept 20, 2023.
             Was the Champion of Okawaru.
             Slain by a +8 long sword (11 damage)
             ... on level 12 of the Dungeon.
             The game lasted 00:22:49 (16401 turns).

Kurtz the Severer (Tengu Fighter)                  Turns: 16401, Time: 00:22:50

Health: -4/77      AC: 14    Str: 18    XL:     12   Next: 90%
Magic:  11/13      EV: 22    Int:  4    God:    Okawaru [******]
Gold:   722        SH:  8    Dex: 21    Spells: 11/11 levels left

rFire   + + +        X - +7 broad axe (elec)
rCold   . . .        c - +0 buckler
rNeg    . . .        y - +5 ring mail of the Salmon {rF+ Str-3 Dex+4}
rPois   +            (helmet restricted)
rElec   .            (no cloak)
rCorr   .            F - +0 pair of gloves
SInv    +            (boots unavailable)
Will    .....        v - amulet of faith
Stlth   +++          p - ring "Coukh" {Fire rPois Str+3 Int-5 SInv}
HPRegen 0.32/turn    s - ring of protection from cold
MPRegen 0.13/turn

%: faith
@: heroic, flying quickly and evasively, quick
A: beak, talons 3, nimble flight, fire resistance 1, MP-powered wands
a: Renounce Religion, Heroism, Finesse, Duel


You were on level 12 of the Dungeon.
You worshipped Okawaru.
Okawaru was exalted by your worship.
You visited 1 branch of the dungeon, and saw 13 of its levels.
You also visited: Ossuary and Bailey.

You collected 722 gold pieces.

Inventory:

Hand Weapons
 a - a -1 demon whip of venom
 u - a +0 whip of venom
 S - a +4 heavy flail
 X - a +7 broad axe of electrocution (weapon)
Missiles
 h - 12 poisoned darts
 m - 2 throwing nets (quivered)
 R - 14 silver javelins
Armour
 c - a +0 buckler (worn)
 x - a +0 pair of gloves
 y - the +5 ring mail of the Salmon (worn) {rF+ Str-3 Dex+4}
   (Okawaru gifted it to you on level 11 of the Dungeon)

   Str:       It affects your strength (-3).
   Dex:       It affects your dexterity (+4).
   rF:        It protects you from fire.
 F - a +0 pair of gloves (worn)
 K - a +0 plate armour
Jewellery
 l - an amulet of guardian spirit
 o - the ring "Osihan" {rF+ rN++}
   (You found it on level 2 of the Dungeon)

   [ring of protection from fire]

   rF:        It protects you from fire.
   rN:        It greatly protects you from negative energy.
 p - the ring "Coukh" (left hand) {Fire rPois Str+3 Int-5 SInv}
   (You found it on level 2 of the Dungeon)

   [ring of fire]

   It enhances your fire magic.
   Str:       It affects your strength (+3).
   Int:       It affects your intelligence (-5).
   rF:        It protects you from fire.
   rC:        It makes you vulnerable to cold.
   rPois:     It protects you from poison.
   SInv:      It lets you see invisible.
 r - a ring of ice
 s - a ring of protection from cold (right hand)
 v - an amulet of faith (around neck)
 J - a +6 ring of dexterity
 N - a +4 ring of protection
 U - a +6 ring of intelligence
Wands
 t - a wand of iceblast (21)
 L - a wand of mindburst (5)
 W - a wand of polymorph (12)
Scrolls
 e - a scroll of enchant armour {unknown}
 f - 6 scrolls of immolation
 q - 3 scrolls of poison
 w - 2 scrolls of vulnerability
 C - 4 scrolls of fog
 G - 4 scrolls of teleportation {unknown}
 H - a scroll of brand weapon {unknown}
 I - 3 scrolls of noise {unknown}
 O - 3 scrolls of identify
 P - 2 scrolls of magic mapping
 Q - 2 scrolls of silence {unknown}
 T - 2 scrolls of fear {unknown}
 V - 2 scrolls of blinking {unknown}
 Y - a scroll of acquirement {unknown}
 Z - a scroll of torment {unknown}
Potions
 b - 2 potions of invisibility {unknown}
 d - 4 potions of might
 g - 8 potions of magic
 i - 6 potions of flight
 j - 4 potions of lignification
 k - a potion of experience {unknown}
 n - 2 potions of cancellation
 z - 3 potions of brilliance {unknown}
 A - 2 potions of degeneration
 B - 9 potions of mutation
 D - 4 potions of attraction {unknown}
 E - 2 potions of haste
 M - 5 potions of curing


   Skills:
 * Level 10.0(15.0) Fighting
 - Level 18.0(23.0) Axes
 * Level 6.2(11.2) Armour
 * Level 6.5(11.5) Dodging
 * Level 5.4(10.4) Shields


You had 11 spell levels left.
You didn't know any spells.
Your spell library contained the following spells:

 Spells                   Type           Power      Damage    Failure   Level
 Apportation              Tloc           0%         N/A       71%         1
 Kiss of Death            Conj/Necr      0%         2d5       71%         1
 Necrotise                Necr           0%         1d4       71%         1
 Slow                     Hex            0%         N/A       71%         1
 Confusing Touch          Hex            0%         N/A       97%         3
 Dazzling Flash           Conj/Hex       0%         N/A       97%         3
 Vampiric Draining        Necr           0%         2d6       97%         3
 Cause Fear               Hex            0%         N/A       100%        4
 Dispel Undead            Necr           0%         3d6       100%        4
 Agony                    Necr           0%         N/A       100%        5
 Fireball                 Conj/Fire      0%         3d3       100%        5
 Iskenderun's Battlesphe  Conj           0%         2d6       100%        5
 Silence                  Hex/Air        0%         N/A       100%        5
 Conjure Ball Lightning   Conj/Air       0%         3x3d6     100%        6
 Dragon Form              Tmut           0%         N/A       100%        7
 Orb of Destruction       Conj           0%         9d5       100%        7
 Summon Small Mammal      Summ           Unusable   N/A       N/A         1
 Dragon's Call            Summ           Unusable   N/A       N/A         9

Dungeon Overview and Level Annotations

Branches:
Dungeon (13/15)            Temple (0/1) D:7            Lair (0/5) D:10
    Orc (0/2) D:10        Ossuary (visited)          Bailey (visited)
 Vaults: D:13-14

Altars:
Elyvilon
Makhleb
Okawaru
Qazlal
Yredelemnul

Annotations:
D:3 1 runed translucent door, Kurtz's ghost, weakling TeFi
D:4 exclusion: downstairs
D:7 2 runed translucent doors, exclusion: 2 downstairs, Arctor's ghost, novice HuIE
D:9 2 runed translucent doors, Kurtz's ghost, novice TeFi
D:12 7 runed translucent doors, monsoonserge's ghost, journeyman DsMo


Innate Abilities, Weirdness & Mutations

You have a beak for a mouth.
You have claws for feet.
Your magical nature lets you fly swiftly and evasively.
Your flesh is heat resistant. (rF+)
You expend magic power (3 MP) to strengthen your wands.


Message History

You peck the slime creature.
The slime creature is severely wounded.
You slash the slime creature! You hit the slime creature.
Lightning courses through the slime creature!
You closely miss the +8 long sword. The +8 long sword closely misses you.
The slime creature hits you.
The slime creature completely misses you.
The slime creature hits you.
You gain the combat prowess of a mighty hero.
You block the +8 long sword's attack. The +8 long sword closely misses you.
The slime creature misses you. The slime creature closely misses you.
You block the slime creature's attack.
You barely miss the slime creature. You claw the slime creature.
Your peck misses the slime creature.
The slime creature is severely wounded.
You slash the slime creature!
Lightning courses through the slime creature!!
You slash the slime creature! You slice the +8 long sword!!
The +8 long sword hits you!
You slash the slime creature!
You claw the slime creature, but do no damage.
The slime creature is almost dead.
You closely miss the +8 long sword. You hit the slime creature.
Lightning courses through the slime creature!
You completely miss the slime creature. The slime creature closely misses you.
You block the slime creature's attack. The slime creature misses you.
The +8 long sword hits you!!
* * * LOW HITPOINT WARNING * * *
Unknown command.
Okay, then.
Okay, then.
You slice the slime creature!!
You kill the slime creature!
Okawaru accepts your kill.
You barely miss the +8 long sword. You hit the slime creature.
Lightning courses through the slime creature!
You kill the slime creature!
Okawaru accepts your kill.
You slice the slime creature!! The +8 long sword hits you!
You die...

..# ##.# ###..+ZZ.:##....##..
..# #.# #..#Z...?#...###..
..########.### ####Z#.#.#.###
#.. .............# ########.#
#.. ##...........#####........#
#..
#...............#.#...########..
#...........###.#...............
#...........##J(...#.#.########.
#...........###@..##.#.# #.
#...........# ###.#....# #.
#...........# #.###### ##
#...........# ### ##...........#
.............# #............#
.............# .............#


You could see a slime creature and a +8 long sword.

Vanquished Creatures
  Fannar (D:10)
  Erica (D:8)
  A centaur warrior (D:12)
  2 boulder beetles
  2 two-headed ogres (D:10)
  A tengu warrior (D:12)
  Amaemon (D:8)
  Pikel (D:8)
  2 cyclopes
  A manticore (D:11)
  Joseph (D:8)
  An orange demon (D:8)
  An unseen horror (D:10)
  Psyche (D:8)
  A rime drake (D:10)
  4 trolls
  A hornet (D:9)
  2 polar bears (D:10)
  Prince Ribbit (D:4)
  6 slime creatures (D:12)
  2 vampires
  2 shadows (D:11)
  2 wyverns
  2 hogs
  21 yaks
  2 wraiths (D:11)
  A human (D:7)
  2 steam dragons
  6 vampire mosquitoes
  Grum (D:7)
  4 acid dragons
  2 water moccasins
  3 orc warriors
  3 ice beasts (D:10)
  A swamp drake (D:10)
  An ogre (D:7)
  3 wolves
  4 centaurs
  3 phantoms
  A lemure (D:8)
  2 kobold brigands
  4 bullfrogs
  11 scorpions (Ossuary)
  3 gnoll sergeants
  3 wights (D:6)
  12 killer bees
  A howler monkey (D:5)
  2 centaur zombies (Ossuary)
  3 human zombies (Ossuary)
  4 hounds
  A jelly (D:6)
  4 orc priests (D:8)
  3 scorpion zombies (Ossuary)
  2 iguanas (D:5)
  A sleepcap (D:4)
  2 orc wizards
  4 mummies
  26 gnolls
  6 adders
  4 river rats (D:6)
  3 shadow imps
  A white imp (D:8)
  2 ufetubi (D:6)
  8 dart slugs
  36 orcs
  8 endoplasms
  7 giant cockroaches
  7 hobgoblins
  15 jackals
  6 quokkas
  2 ball pythons
  4 bats
  A gnoll zombie (Ossuary)
  7 goblins
  2 goblin zombies (Ossuary)
  4 hobgoblin zombies
  18 kobolds
  3 kobold zombies
  An orc zombie (Ossuary)
  3 rats
334 creatures vanquished.

Vanquished Creatures (others)
  An orc (D:8)
1 creature vanquished.

Grand Total: 335 creatures vanquished

Notes
Turn   | Place    | Note
-------+----------+-------------------------------------------
     0 | D:1      | Kurtz the Tengu Fighter began the quest for the Orb.
     0 | D:1      | Reached XP level 1. HP: 14/14 MP: 2/2
   272 | D:1      | Reached skill level 3 in Axes
   272 | D:1      | Reached XP level 2. HP: 17/19 MP: 3/3
   803 | D:2      | Reached XP level 3. HP: 5/23 MP: 4/4
   806 | D:2      | Reached skill level 4 in Axes
  1106 | D:2      | Reached XP level 4. HP: 24/28 MP: 5/5
  1134 | D:2      | Found a faded altar of an unknown god.
  1266 | D:2      | Identified the ring "Osihan" {rF+ rN++}
  1355 | D:2      | Reached skill level 5 in Axes
  1519 | D:2      | Identified the ring "Coukh" {Fire rPois Str+3 Int-5 SInv}
  1721 | D:3      | Found an iron altar of Okawaru.
  1733 | D:3      | Became a worshipper of Warmaster Okawaru
  2132 | D:3      | Gained mutation: Your magical nature lets you fly swiftly
                  | and evasively. [Tengu growth]
  2132 | D:3      | Reached XP level 5. HP: 32/32 MP: 6/6
  2231 | D:3      | Found a runed translucent door.
  2232 | D:3      | Noticed Kurtz's ghost (weakling TeFi)
  2718 | D:4      | Found a sand-covered staircase.
  2728 | D:4      | Reached skill level 6 in Axes
  2730 | Ossuary  | Entered an ossuary
  2776 | Ossuary  | Reached XP level 6. HP: 23/37 MP: 7/7
  2782 | Ossuary  | Reached skill level 7 in Axes
  2867 | Ossuary  | Reached * piety under Okawaru
  2999 | Ossuary  | Reached skill level 8 in Axes
  2999 | Ossuary  | Reached XP level 7. HP: 14/41 MP: 5/8
  3061 | Ossuary  | Reached skill level 1 in Dodging
  3312 | Ossuary  | Reached skill level 9 in Axes
  3343 | Ossuary  | Reached ** piety under Okawaru
  3355 | Ossuary  | Reached XP level 8. HP: 43/47 MP: 9/9
  3674 | Ossuary  | Reached skill level 10 in Axes
  4240 | D:5      | Entered Level 5 of the Dungeon
  4301 | D:5      | Noticed Prince Ribbit
  4400 | D:4      | HP: 2/48 [Prince Ribbit (11)]
  4404 | D:4      | Killed Prince Ribbit
  4404 | D:4      | Reached *** piety under Okawaru
  4780 | D:5      | Reached skill level 11 in Axes
  5095 | D:6      | Reached XP level 9. HP: 37/52 MP: 10/10
  5194 | D:6      | Reached **** piety under Okawaru
  5452 | D:6      | Reached skill level 5 in Fighting
  5612 | D:6      | Found a white marble altar of Elyvilon.
  6375 | D:7      | Found a flagged portal.
  6495 | D:7      | Reached skill level 12 in Axes
  6647 | Bailey   | Entered a bailey
  7394 | D:7      | Reached ***** piety under Okawaru
  7624 | D:7      | Reached skill level 13 in Axes
  7640 | D:6      | Reached XP level 10. HP: 21/61 MP: 11/11
  7858 | D:7      | Found a basalt altar of Yredelemnul.
  8053 | D:7      | Found a large runed translucent door.
  8053 | D:7      | Found a large runed translucent door.
  8054 | D:7      | Noticed Arctor's ghost (novice HuIE)
  8232 | D:7      | Found a staircase to the Ecumenical Temple.
  8429 | D:8      | Noticed Amaemon
  8429 | D:8      | Noticed an orange demon
  8480 | D:8      | Noticed Joseph
  8528 | D:8      | Noticed Grum
  8562 | D:7      | Killed Grum
  8562 | D:7      | Received a gift from Okawaru
  8763 | D:8      | Noticed Erica
  9215 | D:8      | Gained mutation: You expend magic power (3 MP) to
                  | strengthen your wands. [potion of mutation]
  9215 | D:8      | Gained mutation: Your flesh is heat resistant. (rF+)
                  | [potion of mutation]
  9221 | D:8      | Killed Erica
  9713 | D:8      | Noticed Psyche
  9719 | D:8      | Reached skill level 14 in Axes
  9730 | D:8      | Killed Psyche
  9882 | D:8      | Found a stormy altar of Qazlal.
 10030 | D:8      | Killed Joseph
 10031 | D:8      | Reached skill level 5 in Dodging
 10515 | D:9      | Found a large runed translucent door.
 10515 | D:9      | Found a large runed translucent door.
 10519 | D:9      | Noticed Kurtz's ghost (novice TeFi)
 10918 | D:9      | Reached XP level 11. HP: 69/69 MP: 0/12
 11019 | D:9      | Paralysed by a hornet for 1 turns
 11228 | D:8      | Noticed Pikel
 11235 | D:8      | Killed Pikel
 11235 | D:8      | Received a gift from Okawaru
 11351 | D:8      | Reached ****** piety under Okawaru
 11358 | D:8      | Killed Amaemon
 11613 | D:9      | Reached skill level 15 in Axes
 11898 | D:10     | Entered Level 10 of the Dungeon
 12030 | D:10     | Found a burning altar of Makhleb.
 12360 | D:10     | Received a gift from Okawaru
 12418 | D:10     | Noticed a boulder beetle
 12429 | D:10     | Killed a boulder beetle
 12430 | D:10     | Reached skill level 16 in Axes
 12570 | D:10     | Found a staircase to the Orcish Mines.
 12570 | D:10     | Noticed a two-headed ogre
 12575 | D:10     | Killed a two-headed ogre
 12575 | D:10     | Identified the +1 executioner's axe of Peril {venom, Int+6}
                  | (Okawaru gifted it to you on level 10 of the Dungeon)
 12575 | D:10     | Received a gift from Okawaru
 13016 | D:10     | Reached XP level 12. HP: 76/76 MP: 13/13
 13050 | D:10     | Found a staircase to the Lair.
 13064 | D:10     | Reached skill level 17 in Axes
 13065 | D:10     | Noticed a two-headed ogre
 13069 | D:10     | Killed a two-headed ogre
 13222 | D:10     | Noticed Fannar
 13231 | D:10     | Killed Fannar
 13497 | D:11     | Identified the +5 ring mail of the Salmon {rF+ Str-3 Dex+4}
                  | (Okawaru gifted it to you on level 11 of the Dungeon)
 13497 | D:11     | Received a gift from Okawaru
 13759 | D:11     | Reached skill level 18 in Axes
 14167 | D:11     | Noticed a boulder beetle
 14197 | D:11     | Killed a boulder beetle
 15612 | D:12     | Reached skill level 5 in Armour
 15726 | D:12     | Reached skill level 5 in Shields
 15742 | D:12     | Found a runed translucent door.
 15749 | D:12     | Found a runed translucent door.
 15762 | D:12     | Found a runed translucent door.
 15785 | D:12     | Found a runed translucent door.
 15786 | D:12     | Noticed a two-headed ogre
 15828 | D:12     | Found a runed translucent gate.
 15831 | D:12     | Found a runed translucent gate.
 15832 | D:12     | Found a runed translucent gate.
 15834 | D:12     | Noticed monsoonserge's ghost (journeyman DsMo)
 16070 | D:13     | Noticed a tengu warrior
 16081 | D:12     | Killed a tengu warrior
 16115 | D:13     | Noticed a centaur warrior
 16121 | D:12     | Killed a centaur warrior
 16255 | D:12     | Reached skill level 10 in Fighting
 16394 | D:13     | Noticed a boulder beetle
 16401 | D:12     | Slain by a +8 long sword

Illustrated notes

Levels and vault maps discovered:
D:1:      minmay_arrival_stair_chambers, layout_basic
D:2:      layout_rooms, hellmonk_ecumenical_altar_lost_god
D:3:      layout_loops_ring, okawaru_ov_weapons_minmay, gammafunk_ghost_grave,
          st_stairs_7, skrybe_limestone_x, minmay_misc_feat_five
D:4:      layout_loops_ring, nicolae_ossuary_entry_giza, kennysheep_boxes
D:5:      layout_cave_pools, uniq_prince_ribbit1
D:6:      wad_woods_tower, layout_basic, mainiacjoe_overflow_alcove_4
D:7:      layout_basic, mainiacjoe_overflow_small_starburst,
          minmay_temple_entry_poolview, enter_bailey_4,
          ebering_ghost_disaster_area, grunt_livestock
D:8:      layout_rooms, nicolae_qazlal_style_of_elements, uniq_joseph,
          uniq_psyche, uniq_erica, uniq_pikel, uniq_grum, uniq_amaemon
D:9:      layout_cave_pods, ebering_ghost_disaster_area
D:10:     layout_roguey, amcnicky_altar_gilded, hellmonk_lair_entry_icy,
          orc_0_dummy, grunt_ministairs_1, uniq_fannar
D:11:     layout_cave_pods
D:12:     layout_basic, gammafunk_ghost_necromancy, hangedman_decor_growths,
          minmay_statue_crystal_thing
D:13:     layout_rooms, erik_vaults_1, serial_shops,
          nicolae_shop_getting_attention, elyvilon_altar_1

Skill      XL: |  1  2  3  4  5  6  7  8  9 10 11 12 |
---------------+-------------------------------------+-----
Axes           | 3 4 5 6 8 9 11 13 14 16 18 | 18.0
Dodging        | 1 2 4 5 6 |  6.5
Fighting       | 4 6 8 9 10 | 10.0
Shields        | 4 5 |  5.4
Armour         | 6 |  6.2

Action                     |  1- 3 |  4- 6 |  7- 9 | 10-12 || total
---------------------------+-------+-------+-------+-------++-------
  Melee: War axe           |    53 |    99 |   312 |    34 ||   498
         Kick              |     9 |    48 |    94 |   130 ||   281
         Peck              |     5 |    27 |    55 |    97 ||   184
         Whip              |       |    43 |       |    56 ||    99
         Flail             |       |       |       |   121 ||   121
         Broad axe         |       |       |       |   216 ||   216
  Throw: Dart              |     1 |       |       |       ||     1
         Throwing net      |       |       |     1 |     1 ||     2
 Invoke: Heroism           |       |     1 |       |     5 ||     6
  Evoke: Wand              |       |       |     8 |    27 ||    35
    Use: Scroll            |       |     4 |     8 |     5 ||    17
         Potion            |       |       |     6 |     8 ||    14
   Stab: Held in net/web   |       |       |     1 |       ||     1
         Sleeping          |       |       |       |     1 ||     1
 Armour: Scale mail        |    23 |    54 |    54 |       ||   131
         Plate armour      |       |       |    17 |   236 ||   253
         Chain mail        |       |       |     9 |       ||     9
         Ring mail         |       |       |       |    25 ||    25
  Dodge: Dodged            |    35 |    60 |   168 |   242 ||   505
  Block: Buckler           |    21 |    38 |    88 |   129 ||   276
